 Dungeon Crawl Stone Soup version 0.22-a0-480-g991dd4b (webtiles) character file.

169 Darkshadow the Chopper (level 5, -3/47 HPs)
             Began as a Hill Orc Monk on June 16, 2018.
             Splashed by a jelly's acid (11 damage)
             ... on level 3 of the Dungeon.
             The game lasted 00:13:18 (2589 turns).

Darkshadow the Chopper (Hill Orc Monk)              Turns: 2589, Time: 00:13:19

Health: -3/47      AC:  3    Str: 15    XL:     5   Next: 50%
Magic:  5/5        EV: 10    Int: 10    God:
Gold:   233        SH:  0    Dex: 13    Spells: 4/4 levels left

rFire    . . .     SeeInvis .   a - +0 hand axe
rCold    . . .     Gourm    .   (no shield)
rNeg     . . .     Faith    .   w - +0 scale mail
rPois    .         Spirit   .   (no helmet)
rElec    .         Reflect  .   (no cloak)
rCorr    .         Harm     .   (no gloves)
MR       .....                  o - +0 pair of boots
Stlth    ..........             (no amulet)
HPRegen  0.15/turn              (no ring)
MPRegen  0.09/turn              (no ring)

@: corroded
A: no striking features
a: no special abilities


You were on level 3 of the Dungeon.
You were very hungry.

You visited 1 branch of the dungeon, and saw 3 of its levels.

You collected 233 gold pieces.

Inventory:

Hand Weapons
 a - a +0 hand axe (weapon)
 v - a +0 battleaxe
 B - a +0 short sword
 C - a +0 dagger
Missiles
 e - 3 steel tomahawks (quivered)
 f - 186 stones
 m - 6 javelins
 t - a throwing net
Armour
 b - a +0 robe
 o - a +0 pair of boots (worn)
 w - a +0 scale mail (worn)
Jewellery
 k - an uncursed ring of magical power {unknown}
 q - an uncursed ring of resist corrosion {unknown}
 u - an uncursed ring of wizardry {unknown}
 y - an uncursed amulet of regeneration {unknown}
 A - an uncursed ring of wizardry {unknown}
Scrolls
 d - 4 scrolls of remove curse {unknown}
 g - 4 scrolls of random uselessness {unknown}
 h - 2 scrolls of identify {unknown}
 i - a scroll of blinking {unknown}
 l - 2 scrolls of immolation {unknown}
 n - a scroll of fear {unknown}
 p - a scroll of enchant weapon {unknown}
 r - a scroll of amnesia {unknown}
Potions
 j - a potion of berserk rage {unknown}
 s - a potion of curing {unknown}
 x - 2 potions of heal wounds {unknown}
 z - a potion of might {unknown}
Comestibles
 c - 4 rations


   Skills:
 + Level 4.6 Fighting
 * Level 7.2 Axes
 - Level 2.4 Dodging
 - Level 1.6 Stealth


You had 4 spell levels left.
You didn't know any spells.
Your spell library was empty.

Dungeon Overview and Level Annotations

Branches:
Dungeon (3/15)

Altars:
Okawaru

Annotations:
D:3 1 runed door


Message History

The jelly is severely wounded.
The jelly closely misses you.
You hit the jelly but do no damage.
Your hands burn!
The jelly is severely wounded.
The jelly closely misses you.
You hit the jelly but do no damage.
Your hands burn!
* * * LOW HITPOINT WARNING * * *
The jelly is severely wounded.
The jelly barely misses you.
You hit the jelly. The acid corrodes you!
Your hands burn!
* * * LOW HITPOINT WARNING * * *
The jelly is almost dead.
The jelly completely misses you.
You hit the jelly but do no damage.
Your hands burn!
* * * LOW HITPOINT WARNING * * *
The jelly is almost dead.
The jelly hits you.
* * * LOW HITPOINT WARNING * * *
You are splashed with acid!
The acid burns!
You die...

♣♣P.....#
###########.####.#..###
♣♣####.#
(P.......##.####.#.....
#.#
..J..P.J.##.........###
#.#
JP..÷J.P.##.####....#
#.#
.P.÷.....##............
###
.J.P.P...##.......#.###
÷÷.J÷J.J.##.........#
#######J# ##......###
##(..).@## ##......#
#.######## #....#..#
##..'....# #....#..#
####)...###....#..#
#.......##........#####
#.......##.####........
#.......##.# #.....###
#.......##.# #.....###
##.....###.# #........


You could see a jelly and 2 oozes.

Vanquished Creatures
  2 jellies (D:3)
  3 adders (D:3)
  6 oozes
  A dart slug (D:1)
  A leopard gecko (D:1)
  An orc (D:3)
  A ball python (D:1)
  2 giant cockroaches
  6 goblins
  5 hobgoblins
  4 jackals (D:3)
  A quokka (D:2)
  5 bats
  3 frilled lizards
  12 kobolds
  3 rats (D:1)
56 creatures vanquished.

Vanquished Creatures (others)
  3 fungi (D:3)
  6 toadstools (D:3)
9 creatures vanquished.

Grand Total: 65 creatures vanquished

Notes
Turn   | Place    | Note
-------+----------+-------------------------------------------
     0 | D:1      | Darkshadow the Hill Orc Monk began the quest for the Orb.
     0 | D:1      | Reached XP level 1. HP: 19/19 MP: 1/1
   135 | D:1      | Reached XP level 2. HP: 20/27 MP: 2/2
   361 | D:1      | Reached skill level 5 in Axes
   868 | D:1      | Reached XP level 3. HP: 32/33 MP: 3/3
  1656 | D:2      | Found an iron altar of Okawaru.
  1993 | D:3      | Reached skill level 6 in Axes
  1999 | D:3      | Reached XP level 4. HP: 39/40 MP: 4/4
  2386 | D:3      | Found a runed door.
  2556 | D:3      | Reached XP level 5. HP: 29/47 MP: 5/5
  2574 | D:3      | Reached skill level 7 in Axes
  2589 | D:3      | Splashed by a jelly's acid

Vault maps used:
D:1:      saegor_arrival_simple_a, hangedman_decor_growths, st_stairs_10
D:2:      lemuel_coloured_pillars_altar, first_ration
D:3:      cheibrodos_fertilizer, uniq_crazy_yiuf_cottage

Skill      XL: |  1  2  3  4  5 |
---------------+----------------+-----
Axes           | 5 6 7 |  7.2
Fighting       | 4 |  4.6
Dodging        | |  2.4
Stealth        | |  1.6

Action                   |  1- 3 |  4- 6 || total
-------------------------+-------+-------++-------
Melee: Hand axe          |    95 |   102 ||   197
Throw: Tomahawk          |    13 |     1 ||    14
 Stab: Sleeping          |     1 |       ||     1
  Eat: Ration            |     1 |       ||     1
       Chunk             |     1 |       ||     1
Armor: Robe              |    12 |     2 ||    14
       Scale mail        |       |    33 ||    33
Dodge: Dodged            |    70 |    66 ||   136

Table legend:
 A = Spawn XP
 B = Non-spawn XP
 C = Spawn XP percentage of total XP
 D = Spawn monster count
 E = Non-spawn monster count
 F = Spawn count percentage of total count
 G = Total turns spent on level
                    A         B        C        D         E        F      G
               +---------+---------+-------+---------+---------+-------+---------
         Total |       0 |     242 |   0.0 |       0 |      56 |   0.0 |  2589
               +---------+---------+-------+---------+---------+-------+---------
           D:1 |       0 |      41 |   0.0 |       0 |      20 |   0.0 |  1036
           D:2 |       0 |      25 |   0.0 |       0 |      12 |   0.0 |   823
           D:3 |       0 |     176 |   0.0 |       0 |      24 |   0.0 |   730
               +---------+---------+-------+---------+---------+-------+---------
